Map: Acid Plant LE

Players

avilo

  • Race: Zerg Zerg
  • League: Grandmaster
  • Spawn Location: 11:00

llIllllIllll - Winner!

  • Race: Protoss Protoss
  • League: Master
  • Spawn Location: 5:00

VOD

Have the link to the VOD?

Description

Time

  • Played on: Feb. 14, 2018, 11:37 p.m.
  • Length: 14:04
Show
View Real Time Build Order
Export as new Build Order

avilo Zerg 

Build Orders: Pool First 

Get SALT Encoding   

  12  0:00  Drone  
  13  0:13  Overlord  
  13  0:18  Drone  
  14  0:29  Extractor, Drone  
  14  0:32  Drone  
  15  0:41  Drone  
  16  0:48  Spawning Pool  
  15  0:52  Drone  
  16  1:04  Overlord  
  16  1:09  Drone  
  17  1:29  Hatchery  
  16  1:43  Queen  
  16  1:46  Drone  
  19  1:50  Zergling x2  
  19  1:53  Drone  
  21  1:59  Drone  
  22  2:19  Metabolic Boost, Queen  
  24  2:24  Drone x2  
  26  2:32  Drone  
  27  2:42  Baneling Nest  
  27  2:49  Zergling x4  
  29  2:52  Baneling Nest  
  29  2:55  Zergling x4  
  29  2:56  Zergling x2  
  29  2:58  Spine Crawler  
  30  3:00  Zergling x2  
  30  3:05  Zergling x2  
  32  3:10  Zergling x2  
  33  3:17  Zergling x2  
  34  3:25  Zergling x4  
  29  3:27  Zergling x4  
  29  3:28  Zergling x2  
  30  3:36  Zergling x4  
  31  3:55  Zergling x4  
  25  4:06  Zergling x2  
  25  4:07  Queen  
  27  4:16  Zergling x2  
  28  4:20  Hatchery  
  28  4:22  Zergling x2  
  28  4:26  Zergling x2  
  29  4:33  Zergling x2  
  30  4:43  Baneling x4  
  30  4:44  Baneling x2, Overlord  
  30  5:00  Baneling x4  
  30  5:03  Zergling x4  
  30  5:04  Zergling x2  
  33  5:11  Zergling x2  
  34  5:16  Zergling x6  
  37  5:24  Zergling x2  
  35  5:35  Zergling x4  
  34  5:42  Spore Crawler  
  32  5:45  Zergling x6  
  32  5:46  Zergling x4  
  37  5:57  Baneling, Zergling x4  
  37  5:58  Baneling  
  38  6:05  Baneling x2  
  38  6:06  Baneling x6  
  38  6:12  Drone x2  
  40  6:19  Zergling x6  
  37  6:36  Queen  
  38  6:43  Drone x2  
  40  6:49  Drone x3  
  40  6:51  Overlord  
  43  7:17  Drone x2  
  43  7:18  Drone x6  
  43  7:22  Extractor  
  50  7:34  Queen  
  52  7:37  Spore Crawler  
  50  7:48  Spore Crawler  
  50  7:49  Spore Crawler  
  37  8:01  Spore Crawler  
  32  8:10  Queen  
  30  8:15  Overlord, Drone x3  
  33  8:35  Hatchery  
  32  8:48  Spore Crawler  
  33  8:50  Spore Crawler  
  33  8:53  Drone x5  
  33  8:54  Drone  
  38  9:14  Lair  
  36  9:17  Spawning Pool  
  35  9:25  Extractor  
  33  9:33  Drone x4  
  37  10:13  Hydralisk Den  
  37  10:14  Drone x6  
  37  10:15  Drone x3  
  44  10:44  Hatchery  
  44  10:48  Hydralisk  
  45  10:58  Hydralisk  
  47  11:08  Hydralisk  
  49  11:19  Hydralisk Den  
  49  11:20  Overlord  
  48  11:31  Drone x3  
  51  11:51  Hydralisk x2  
  55  12:03  Hydralisk  
  55  12:04  Hydralisk x2  
  59  12:11  Hydralisk  
  59  12:13  Hydralisk  
  51  12:22  Hydralisk  
  45  12:34  Hydralisk  
  43  12:41  Hydralisk  
  45  12:49  Hydralisk  
  36  12:58  Hydralisk  
  36  13:12  Hydralisk  
  40  13:33  Hydralisk  
  42  13:40  Hydralisk  
Show
View Real Time Build Order
Export as new Build Order

llIllllIllll Protoss - Winner!

Build Orders:  

Get SALT Encoding   

  12  0:00  Probe  
  13  0:12  Probe (Chrono Boost)  
  15  0:22  Probe (Chrono Boost)  
  15  0:25  Pylon  
  15  0:43  Probe  
  15  0:44  Forge  
  16  0:55  Probe  
  17  1:08  Probe  
  18  1:20  Probe, Gateway  
  18  1:21  Photon Cannon  
  19  1:27  Pylon  
  19  1:32  Assimilator  
  19  1:36  Probe, Assimilator  
  20  1:46  Pylon  
  20  1:50  Probe  
  21  2:02  Probe  
  22  2:08  Photon Cannon  
  22  2:14  Probe  
  23  2:17  Photon Cannon  
  23  2:28  Photon Cannon  
  23  2:41  Pylon  
  23  2:44  Assimilator  
  23  2:57  Probe  
  24  3:00  Photon Cannon  
  24  3:10  Photon Cannon  
  23  3:36  Nexus  
  23  3:37  Probe  
  24  4:04  Pylon  
  24  4:13  Cybernetics Core  
  24  4:24  Photon Cannon  
  24  4:26  Assimilator  
  24  4:30  Assimilator  
  24  4:52  Stargate  
  24  4:53  Stargate  
  24  4:54  Probe  
  24  4:59  Photon Cannon  
  25  5:06  Probe  
  26  5:18  Probe  
  26  5:20  Stalker (Chrono Boost)  
  29  5:30  Probe  
  29  5:34  Pylon  
  29  5:58  Void Ray  
  29  5:59  Void Ray  
  35  6:19  Pylon  
  35  6:23  Photon Cannon  
  33  6:48  Void Ray (Chrono Boost)  
  33  6:52  Void Ray (Chrono Boost)  
  37  7:16  Photon Cannon  
  37  7:21  Pylon, Gateway  
  37  7:37  Pylon  
  41  8:00  Void Ray (Chrono Boost)  
  45  8:35  Cybernetics Core  
  45  8:38  Forge  
  41  8:41  Oracle (Chrono Boost)  
  41  8:44  Oracle (Chrono Boost)  
  47  9:27  Pylon  
  47  9:29  Pylon  
  47  9:32  Pylon  
  47  9:45  Probe, Oracle x2 (Chrono Boost)  
  54  9:52  Stargate  
  54  9:57  Stargate  
  54  10:18  Oracle (Chrono Boost)  
  57  10:36  Oracle  
  57  10:37  Oracle  
  63  10:50  Probe, Phoenix  
  66  11:02  Probe  
  63  11:17  Oracle (Chrono Boost)  
  69  11:26  Oracle (Chrono Boost)  
  69  11:34  Pylon  
  69  11:37  Pylon  
  69  11:52  Oracle x3  
  50  12:28  Oracle  
  50  12:29  Oracle  
  56  13:20  Pylon  
  56  13:26  Nexus  
  56  13:30  Nexus  
  57  13:37  Pylon  
Tags
 
Add a new tag
Caveats
  • Supply blocks, unpowered buildings, or Contaminate may cause inaccurate times.
  • Supply counts are checked every 10 seconds.